 Dungeon Crawl Stone Soup version 0.29-a0-323-g050149af67 (webtiles) character file.

Game seed: 6820650162921246521

29 kae the Gusty (level 3, 0/31 HPs)
             Began as an Ogre Air Elementalist on Apr 10, 2022.
             Slain by a worm (9 damage)
             ... on level 2 of the Dungeon.
             The game lasted 00:00:43 (1446 turns).

kae the Gusty (Ogre Air Elementalist)               Turns: 1446, Time: 00:00:44

Health: 0/31       AC:  3    Str: 12    XL:     3   Next: 16%
Magic:  0/7        EV:  9    Int: 18    God:
Gold:   27         SH:  0    Dex:  9    Spells: 4/7 levels left

rFire   . . .      SeeInvis .   c - +0 spear
rCold   . . .      Faith    .   (no shield)
rNeg    . . .      Spirit   .   a - +0 robe
rPois   .          Reflect  .   (helmet restricted)
rElec   .          Harm     .   (no cloak)
rCorr   .          Rampage  .   (gloves unavailable)
Will    .....                   (boots unavailable)
Stlth   +.........              (no amulet)
HPRegen 0.10/turn               (no ring)
MPRegen 0.10/turn               (no ring)

@: no status effects
A: large, unfitting armour, tough skin 1
a: no special abilities


You were on level 2 of the Dungeon.
You visited 1 branch of the dungeon, and saw 2 of its levels.

You collected 27 gold pieces.

Inventory:

Hand Weapons
 c - a +0 spear (weapon)
Armour
 a - a +0 robe (worn)
Magical Staves
 f - a staff of poison
Scrolls
 h - a scroll of teleportation
Potions
 b - 2 potions of magic
 d - a potion of invisibility {unknown}
 e - a potion of mutation {unknown}
 g - a potion of curing {unknown}
 i - a potion of attraction {unknown}
 j - a potion of ambrosia {unknown}


   Skills:
 - Level 1.7 Dodging
 - Level 1.4 Stealth
 + Level 2.9 Spellcasting
 + Level 1.4 Conjurations
 * Level 3.3 Air Magic


You had 4 spell levels left.
You knew the following spells:

 Your Spells              Type           Power      Damage    Failure   Level
a - Shock                 Conj/Air       44%        1d5       6%          1
b - Static Discharge      Conj/Air       11%        N/A       10%         2

Your spell library contained the following spells:

 Spells                   Type           Power      Damage    Failure   Level
 Swiftness                Air            14%        N/A       13%         3
 Freeze                   Ice            8%         1d3       17%         1
 Airstrike                Air            7%         N/A       38%         4
 Frozen Ramparts          Ice            4%         1d2       45%         3
 Hailstorm                Conj/Ice       5%         3d4       77%         4
 Alistair's Intoxication  Tmut/Pois      1%         N/A       99%         5
 Borgnjor's Vile Clutch   Necr/Erth      1%         N/A       99%         5
 Eringya's Noxious Bog    Tmut/Pois      1%         N/A       100%        6


Dungeon Overview and Level Annotations

Branches:
Dungeon (2/15)

Altars:

Shops:
D:2 [


Innate Abilities, Weirdness & Mutations

You are too large for most types of armour.
You have tough skin. (AC +1)


Message History

The worm is moderately wounded.
Casting: Shock (safe; 6% risk of failure)
Confirm with . or Enter, or press ? or * to list all spells.
Aiming: Shock (safe; 6% risk of failure)
Press: ? - help, Shift-Dir - straight line, f/p - worm
Aim: a worm (moderately wounded, 89% to hit)
The zap hits the worm.
The worm is heavily wounded.
Casting: Shock (safe; 6% risk of failure)
Confirm with . or Enter, or press ? or * to list all spells.
You don't have enough magic to cast this spell.
You hit the worm but do no damage.
The worm is heavily wounded.
You hit the worm but do no damage.
The worm is heavily wounded.
The worm bites you.
Your magical contamination has completely faded away.
You hit the worm.
The worm is severely wounded.
The worm bites you!
You are too injured to fight recklessly!
You are too injured to fight recklessly!
You are too injured to fight recklessly!
You are too injured to fight recklessly!
You are too injured to fight recklessly!
You hit the worm.
The worm is almost dead.
You barely miss the worm.
The worm is almost dead.
The worm bites you!
* * * LOW HITPOINT WARNING * * *
Casting: Shock (safe; 6% risk of failure)
Confirm with . or Enter, or press ? or * to list all spells.
Aiming: Shock (safe; 6% risk of failure)
Press: ? - help, Shift-Dir - straight line, f/p - worm
Aim: a worm (almost dead, 89% to hit)
The zap hits the worm.
The worm is almost dead.
The worm bites you!
You die...

#.....∩.####
#.......#...
...#####..)......# .
.................... ..
...#####..).>..####.
...# #.......#### .....
###...........
......####........#...
......w@...###...##....
......###### ##### ...
..... ## .... ..#####
..... ...... .
#...#####..####.#
#......<.........
#...###.......... #
#..........


You could see a worm.

Vanquished Creatures
  3 dart slugs
  2 endoplasms (D:1)
  5 goblins
  2 hobgoblins (D:1)
  A jackal (D:1)
  A ball python (D:1)
  3 bats (D:1)
  3 frilled lizards (D:1)
  2 kobolds
22 creatures vanquished.

Vanquished Creatures (others)
  5 plants (D:2)
5 creatures vanquished.

Grand Total: 27 creatures vanquished

Notes
Turn   | Place    | Note
-------+----------+-------------------------------------------
     0 | D:1      | kae the Ogre Air Elementalist began the quest for the Orb.
     0 | D:1      | Reached XP level 1. HP: 16/16 MP: 3/3
    94 | D:1      | Reached skill level 1 in Conjurations
   362 | D:1      | Reached XP level 2. HP: 24/24 MP: 1/5
   377 | D:1      | Reached skill level 3 in Air Magic
   466 | D:1      | Learned a level 2 spell: Static Discharge
   831 | D:1      | Found a faded altar of an unknown god.
  1124 | D:1      | Reached XP level 3. HP: 29/31 MP: 2/7
  1330 | D:2      | Found Neofum's Armour Emporium.
  1446 | D:2      | Slain by a worm

Illustrated notes

Levels and vault maps discovered:
D:1:      minmay_arrival_wavy_path, layout_loops_cross,
          hellmonk_ecumenical_altar_lost_god, minmay_misc_feat_plants,
          minmay_misc_feat_encased, dreamdust_princess_corridor,
          minmay_tiny_reverse_x
D:2:      layout_rooms, serial_shops, shop, shop, nicolae_lakefront_shop,
          nicolae_shop_overgrown_old_shop, uniq_crazy_yiuf_cottage

Skill      XL: |  1  2 |
---------------+-------+-----
Conjurations   | 1 |  1.4
Air Magic      | 3 |  3.3
Dodging        | |  1.7
Stealth        | |  1.4
Spellcasting   | |  2.9

Action                   || total
-------------------------++-------
Melee: Spear             ||    29
 Cast: Shock             ||    60
  Use: Scroll            ||     2
Armor: Robe              ||     8
Dodge: Dodged            ||    22

Table legend: (Time is in decaauts)
 A = Elapsed time spent in this place.
 B = Non-inter-level travel time spent in this place.
 C = Inter-level travel time spent in this place.
 D = Time resting spent in this place.
 E = Time spent auto-exploring this place.
 F = Levels seen in this place.
 G = Mean time per level.
                   A        B        C        D        E       F      G
               +--------+--------+--------+--------+--------+-----+--------+
         Total |   1448 |   1436 |     12 |      0 |   1271 |   2 |  724.0 |
       Dungeon |   1448 |   1436 |     12 |      0 |   1271 |   2 |  724.0 |
               +--------+--------+--------+--------+--------+-----+--------+

Top non-repeatable levels by time:
     D:1: 1321 daAuts
     D:2: 126 daAuts
